 Dungeon Crawl Stone Soup version 0.17.1-3-g152610e (webtiles) character file.

797 GFox the Skirmisher (level 7, -7/56 HPs)
             Began as a Demonspawn Wanderer on Mar 16, 2016.
             Killed from afar by Pikel (36 damage)
             ... with a wand of lightning
             ... on level 5 of the Dungeon.
             The game lasted 00:57:07 (5141 turns).

GFox the Skirmisher (Demonspawn Wanderer)           Turns: 5141, Time: 00:57:07

Health: -7/56      AC:  6    Str: 15    XL:     7   Next: 58%
Magic:  7/7        EV: 13    Int: 12    God:
Gold:   266        SH:  3    Dex: 13    Spells: 0 memorised, 6 levels left

rFire  . . .     SeeInvis .     a - +2 spear
rCold  . . .     Clarity  .     d - +0 robe
rNeg   . . .     SustAt   +     j - +0 buckler
rPois  +         Gourm    .     (no helmet)
rElec  .         Spirit   .     h - +0 cloak
rCorr  .         Warding  .     y - +1 pair of gloves
rMut   .         Stasis   .     A - +0 pair of boots
MR     .....                    t - amulet of regeneration
Stlth  +++.......               n - ring of poison resistance
                                g - ring of sustain attributes

@: not resistant to hostile enchantments, fairly stealthy
A: hooves 2, demonic guardian 1, rot immunity
a: no special abilities


You were on level 5 of the Dungeon.
You were not hungry.

You visited 1 branch of the dungeon, and saw 5 of its levels.

You collected 266 gold pieces.

Inventory:

Hand Weapons
 a - a +2 spear (weapon)
 e - a +0 dagger
 l - a +1 mace of protection
 m - a +0 dagger of venom
Armour
 d - a +0 robe (worn)
 h - a +0 cloak (worn)
 j - a +0 buckler (worn)
 y - a +1 pair of gloves (worn)
 A - a +0 pair of boots (worn)
Jewellery
 g - a ring of sustain attributes (left hand)
 n - a ring of poison resistance (right hand)
 t - an amulet of regeneration (around neck)
 u - an uncursed ring of see invisible
Wands
 q - a wand of fire (3)
 s - a wand of slowing (20)
Scrolls
 b - a scroll of recharging
 c - 3 scrolls of teleportation
 f - 3 scrolls of remove curse
 o - a scroll of magic mapping
 p - 4 scrolls of identify
 w - a scroll of enchant weapon {unknown}
Potions
 r - 2 potions of brilliance
 x - a potion of magic {unknown}
 z - a potion of curing
 C - a potion of berserk rage {unknown}
Comestibles
 i - a bread ration
 k - a slice of pizza
 v - a beef jerky
 B - a meat ration


   Skills:
 + Level 5.5 Fighting
 + Level 1.1 Short Blades
 + Level 2.4 Polearms
 + Level 4.8 Dodging
 + Level 5.5 Stealth
 + Level 1.2 Evocations


You had 6 spell levels left.
You didn't know any spells.

Dungeon Overview and Level Annotations

Branches:
Dungeon (5/15)
 Temple: D:4-7

Altars:
Cheibriados
Dithmenos
Gozag
Nemelex Xobeh
Yredelemnul

Shops:
D:5 (

Annotations:
D:5 Pikel


Innate Abilities, Weirdness & Mutations

You have hoof-like feet.
A weak demonic guardian rushes to your aid.
You are immune to rotting.


Message History

Pikel zaps a wand.
The bolt of lightning misses you.
The bolt of lightning hits your ufetubus.
Your ufetubus dies!
You barely miss Pikel.
Pikel is lightly wounded.
Pikel zaps a wand.
The bolt of lightning hits you!
You hit Pikel.
Pikel is moderately wounded.
Pikel misses you.
You hit Pikel but do no damage.
Pikel is moderately wounded.
Pikel barely misses you.
You hit Pikel but do no damage.
Pikel is moderately wounded.
Pikel zaps a wand.
The bolt of lightning misses you.
You barely miss Pikel.
Pikel is moderately wounded.
Pikel zaps a wand.
The bolt of lightning hits you!
Ouch! That really hurt!
You die... #### ##### pp#

#...#
################K#
#.#.#
...........>.(.#@#
#.#.#
#########.####.#.#
#>#.# # #.# #.#.#
#.#.# # #.# #.#.#
#.#.# # #.# #.#.#
#.#.# # #.# #.#.#
#.#.# # #.####.#.#
#.#.# #
#....#.#.#####.#.#
#
####.#.#.......#.#


You could see Pikel and 2 slaves.

Vanquished Creatures
  The ghost of GFox the Skirmisher, a novice OgMo of Okawaru (D:4)
  An ogre (D:4)
  A phantom (D:4)
  A crimson imp (D:5)
  A giant frog skeleton (D:5)
  3 worker ants (D:4)
  5 adders
  2 oozes (D:1)
  2 worms
  5 giant geckos
  2 orcs
  16 bats
  4 giant cockroaches
  6 goblins
  13 hobgoblins
  8 jackals
  5 ball pythons
  A giant gecko skeleton (D:4)
  3 giant newts (D:1)
  2 gnoll zombies (D:4)
  12 kobolds
  8 rats
  A plant (D:1)
103 creatures vanquished.

Vanquished Creatures (collateral kills)
  A hound zombie (D:4)
1 creature vanquished.

Grand Total: 104 creatures vanquished

Notes
Turn   | Place    | Note
--------------------------------------------------------------
     0 | D:1      | GFox the Demonspawn Wanderer began the quest for the Orb.
     0 | D:1      | GFox set off with: a +2 spear, a potion of curing, a scroll of teleportation, a +0 robe, a +0 dagger, a bread ration
     0 | D:1      | Reached XP level 1. HP: 19/19 MP: 1/1
    79 | D:1      | Gained mutation: You have large cloven feet. [demonic ancestry]
    79 | D:1      | Reached XP level 2. HP: 23/25 MP: 2/2
   569 | D:1      | Gained mutation: A weak demonic guardian rushes to your aid. [demonic ancestry]
   569 | D:1      | Reached XP level 3. HP: 31/31 MP: 3/3
  2003 | D:2      | Reached skill level 1 in Polearms
  2003 | D:2      | Reached XP level 4. HP: 23/38 MP: 4/4
  2549 | D:3      | Found an opulent altar of Gozag.
  3300 | D:4      | Noticed an ogre
  3318 | D:4      | HP: 1/38 [ogre/giant club (27)]
  3328 | D:4      | Killed an ogre
  3328 | D:4      | Reached XP level 5. HP: 23/43 MP: 5/5
  3495 | D:4      | Noticed GFox's ghost (novice OgMo)
  3546 | D:4      | Killed GFox's ghost
  3546 | D:4      | Reached skill level 5 in Fighting
  3546 | D:4      | Reached skill level 5 in Stealth
  3546 | D:4      | Gained mutation: You are immune to rotting. [demonic ancestry]
  3546 | D:4      | Reached XP level 6. HP: 29/51 MP: 6/6
  3546 | D:4      | Gained mutation: You have hoof-like feet. [demonic ancestry]
  3546 | D:4      | Reached XP level 7. HP: 32/56 MP: 7/7
  3667 | D:4      | Found a sparkling altar of Nemelex Xobeh.
  3685 | D:4      | Noticed a phantom
  3704 | D:4      | Killed a phantom
  3704 | D:4      | Reached skill level 1 in Short Blades
  3796 | D:4      | Found a snail-covered altar of Cheibriados.
  3899 | D:4      | Found a basalt altar of Yredelemnul.
  4318 | D:5      | Entered Level 5 of the Dungeon
  4455 | D:5      | Found a shadowy altar of Dithmenos.
  4696 | D:5      | Found Unulag's Weapon Boutique.
  5132 | D:5      | Noticed Pikel
  5141 | D:5      | Killed from afar by Pikel

Action                   |  1- 3 |  4- 6 |  7- 9 || total
-------------------------+-------+-------+-------++-------
Melee: Spear             |   216 |    65 |   142 ||   423
       Dagger            |       |    89 |       ||    89
Evoke: Wand              |       |       |     3 ||     3
  Use: Scroll            |     3 |     8 |     2 ||    13
       Potion            |       |    10 |       ||    10
 Stab: Sleeping          |     6 |     9 |     3 ||    18
  Eat: Bread ration      |     1 |     1 |     1 ||     3
       Chunk             |     1 |       |     2 ||     3
       Beef jerky        |     1 |       |       ||     1
